APL (24 & UNDER)
MONTGOMERY GREY SOX @ NASHUA REDLEGS
09/05/2027
 
TOP OF THE 1ST
Montgomery Grey Sox batting - Pitching for Nashua Redlegs : RHP Wayne Williams
Pitching: RHP Wayne Williams
Batting: RHB Frederick Curtis 0-0: Ball
1-0: Ball
2-0: Ball
3-0: Called Strike
3-1: Foul Ball, location: 2F
3-2: Base on Balls
Batting: SHB Kenneth Cruz 0-0: SINGLE (Groundball, 5D)
Frederick Curtis to second
Batting: RHB Bryant von Bohlen 0-0: Foul Ball, location: 2F
0-1: Ball
1-1: TRIPLE (Line Drive, 78M)
Frederick Curtis scores
Kenneth Cruz scores
Batting: RHB Bradley Burns 0-0: Ball
1-0: Foul Ball, location: 2F
1-1: Foul Ball, location: 2F
1-2: Ball
2-2: Foul Ball, location: 2F
2-2: Ground out 4-3 (Groundball, 4M)
Bryant von Bohlen scores
Batting: RHB Reinaldo Amarante 0-0: SINGLE (Groundball, 6MD)
Batting: SHB Hoyt Norris 0-0: Ball
1-0: Ground out 3-1 (Groundball, 23)
Reinaldo Amarante to second
Batting: RHB António Nevárez 0-0: Called Strike
0-1: Called Strike
0-2: Strikes out looking
Top of the 1st over - 3 run(s), 3 hit(s), 0 error(s), 1 left on base; Montgomery 3 - Nashua 0
BOTTOM OF THE 1ST
Nashua Redlegs batting - Pitching for Montgomery Grey Sox : LHP Wilson Romero
Pitching: LHP Wilson Romero
Batting: SHB José Vélez 0-0: Swinging Strike
0-1: Fly out, F8 (Flyball, 89M)
Batting: LHB Alonso Carbajal 0-0: Called Strike
0-1: Ball
1-1: Ball
2-1: Swinging Strike
2-2: Fly out, F8 (Flyball, 8LD)
Batting: RHB Jorge Valenzuela 0-0: Fly out, F7 (Line Drive, 78D)
Bottom of the 1st over - 0 run(s), 0 hit(s), 0 error(s), 0 left on base; Montgomery 3 - Nashua 0
TOP OF THE 2ND
Montgomery Grey Sox batting - Pitching for Nashua Redlegs : RHP Wayne Williams
Batting: LHB Gilbert Stegall 0-0: Foul Ball, location: 2F
0-1: Ball
1-1: Ball
2-1: Ball
3-1: Foul Ball, location: 2F
3-2: Foul Ball, location: 2F
3-2: Base on Balls
Batting: RHB Luis Pineda 0-0: Swinging Strike
0-1: Called Strike
Gilbert Stegall steals 2nd base
0-2: Ball
1-2: SINGLE (Line Drive, 8LS)
Gilbert Stegall to third
Batting: RHB Frederick Curtis 0-0: SINGLE (Groundball, 6MD)
Gilbert Stegall scores
Luis Pineda to second
Runner from 2nd tries for 3rd, SAFE, throw made to third
Frederick Curtis to second
Batting: SHB Kenneth Cruz 0-0: Swinging Strike
0-1: Ball
1-1: DOUBLE (Flyball, 9)
Luis Pineda scores
Frederick Curtis scores
Batting: RHB Bryant von Bohlen 0-0: Called Strike
0-1: Ground out 4-3 (Groundball, 4)
Kenneth Cruz to third
Batting: RHB Bradley Burns 0-0: Ball
1-0: Ground out 5-3 (Groundball, 56)
Kenneth Cruz scores
Batting: RHB Reinaldo Amarante 0-0: Ball
1-0: Foul Ball, location: 2F
1-1: Fly out, F7 (Flyball, 7)
Top of the 2nd over - 4 run(s), 3 hit(s), 0 error(s), 0 left on base; Montgomery 7 - Nashua 0
BOTTOM OF THE 2ND
Nashua Redlegs batting - Pitching for Montgomery Grey Sox : LHP Wilson Romero
Batting: LHB José Peralta 0-0: Called Strike
0-1: Ball
1-1: Ball
2-1: Ball
3-1: Base on Balls
Batting: RHB Bob Fitzgerald 0-0: Swinging Strike
0-1: Called Strike
0-2: Ball
1-2: Ball
2-2: Fly out, F2 (Popup, 25)
Batting: RHB William Rogers 0-0: Swinging Strike
0-1: Ball
1-1: Ball
2-1: Foul Ball, location: 2F
2-2: Ball
3-2: Foul Ball, location: 2F
3-2: Fly out, F2 (Popup, 3S)
Batting: RHB Danny Boykins 0-0: Ball
José Peralta steals 2nd base
1-0: Swinging Strike
1-1: Ball
2-1: Called Strike
2-2: Foul Ball, location: 2F
2-2: Foul Ball, location: 2F
2-2: Ball
3-2: Strikes out swinging
Bottom of the 2nd over - 0 run(s), 0 hit(s), 0 error(s), 1 left on base; Montgomery 7 - Nashua 0
TOP OF THE 3RD
Montgomery Grey Sox batting - Pitching for Nashua Redlegs : RHP Wayne Williams
Batting: SHB Hoyt Norris 0-0: Ball
1-0: Ball
2-0: Called Strike
2-1: Foul Ball, location: 2F
2-2: SOLO HOME RUN (Flyball, 8LXD), Distance : 422 ft
Pitching: LHP Jorge Melgaza
Batting: RHB António Nevárez 0-0: Ball
1-0: Swinging Strike
1-1: Ball
2-1: Swinging Strike
2-2: Ball
3-2: Foul Ball, location: 2F
3-2: Foul Ball, location: 2F
3-2: Fly out, F8 (Line Drive, 78M)
Batting: LHB Gilbert Stegall 0-0: SINGLE (Groundball, 56S) (infield hit)
Batting: RHB Luis Pineda 0-0: Called Strike
0-1: Grounds into double play, 6-4-3 (Groundball, 6)
Top of the 3rd over - 1 run(s), 2 hit(s), 0 error(s), 0 left on base; Montgomery 8 - Nashua 0
BOTTOM OF THE 3RD
Nashua Redlegs batting - Pitching for Montgomery Grey Sox : LHP Wilson Romero
Batting: RHB Spencer Pritchett 0-0: Called Strike
0-1: Foul Ball, location: 2F
0-2: Ball
1-2: Ball
2-2: Foul Ball, location: 2F
2-2: Ground out 5-3 (Groundball, 5)
Batting: RHB Katsuhito Ohayashi 0-0: SOLO HOME RUN (Flyball, 78XD), Distance : 425 ft
Batting: SHB José Vélez 0-0: Ball
1-0: SINGLE (Groundball, 6D)
Batting: LHB Alonso Carbajal 0-0: Ball
1-0: Fly out, F1 (Line Drive, 13)
Batting: RHB Jorge Valenzuela 0-0: Ball
1-0: Called Strike
1-1: Called Strike
1-2: Fielders Choice at 2nd, 6-4 (Groundball, 6)
Bottom of the 3rd over - 1 run(s), 2 hit(s), 0 error(s), 0 left on base; Montgomery 8 - Nashua 1
TOP OF THE 4TH
Montgomery Grey Sox batting - Pitching for Nashua Redlegs : LHP Jorge Melgaza
Batting: RHB Frederick Curtis 0-0: Called Strike
0-1: Ball
1-1: Ground out 6-3 (Groundball, 6MS)
Batting: SHB Kenneth Cruz 0-0: Ball
1-0: Fly out, F8 (Flyball, 8LM)
Batting: RHB Bryant von Bohlen 0-0: Called Strike
0-1: Ground out 6-3 (Groundball, 6)
Top of the 4th over - 0 run(s), 0 hit(s), 0 error(s), 0 left on base; Montgomery 8 - Nashua 1
BOTTOM OF THE 4TH
Nashua Redlegs batting - Pitching for Montgomery Grey Sox : LHP Wilson Romero
Batting: LHB José Peralta 0-0: Called Strike
0-1: Foul Ball, location: 2F
0-2: Strikes out looking
Batting: RHB Bob Fitzgerald 0-0: Ball
1-0: Fly out, F4 (Line Drive, 4D)
Batting: RHB William Rogers 0-0: Ground out 3-1 (Groundball, 34S)
Bottom of the 4th over - 0 run(s), 0 hit(s), 0 error(s), 0 left on base; Montgomery 8 - Nashua 1
TOP OF THE 5TH
Montgomery Grey Sox batting - Pitching for Nashua Redlegs : LHP Jorge Melgaza
Batting: RHB Bradley Burns 0-0: Ball
1-0: Ball
2-0: Called Strike
2-1: Ball
3-1: Base on Balls
Batting: RHB Reinaldo Amarante 0-0: Called Strike
0-1: Called Strike
0-2: Strikes out swinging
Batting: SHB Hoyt Norris 0-0: Ball
1-0: Fly out, F6 (Popup, 6)
Batting: RHB António Nevárez 0-0: Called Strike
0-1: Called Strike
0-2: Foul Ball, location: 2F
0-2: Ball
1-2: Foul Ball, location: 2F
1-2: Reached on error, E4 (Groundball, 4)
Bradley Burns to second
Batting: LHB Gilbert Stegall 0-0: Called Strike
0-1: Ball
1-1: Ball
2-1: Foul Ball, location: 2F
2-2: Ball
3-2: Foul Ball, location: 2F
3-2: Foul Ball, location: 2F
3-2: Base on Balls
Bradley Burns to third
António Nevárez to second
Batting: RHB Luis Pineda 0-0: Ball
1-0: Ball
2-0: Ball
3-0: Called Strike
3-1: Foul Ball, location: 2F
3-2: Foul Ball, location: 2F
3-2: Ground out 5-3 (Groundball, 5)
Top of the 5th over - 0 run(s), 0 hit(s), 1 error(s), 3 left on base; Montgomery 8 - Nashua 1
BOTTOM OF THE 5TH
Nashua Redlegs batting - Pitching for Montgomery Grey Sox : LHP Wilson Romero
Batting: RHB Danny Boykins 0-0: Swinging Strike
0-1: Ball
1-1: Ball
2-1: Ball
3-1: Foul Ball, location: 2F
3-2: Base on Balls
Batting: RHB Spencer Pritchett 0-0: Ball
1-0: Swinging Strike
1-1: Ball
2-1: Foul Ball, location: 2F
2-2: Fly out, F7 (Flyball, 78D)
Batting: RHB Katsuhito Ohayashi 0-0: Called Strike
0-1: DOUBLE (Line Drive, 7LM)
Danny Boykins to third
Batting: SHB José Vélez 0-0: Called Strike
0-1: Ball
1-1: Ball
2-1: Ground out 5-3 (Groundball, 5)
Batting: LHB Alonso Carbajal 0-0: Ball
1-0: Called Strike
1-1: Called Strike
1-2: Strikes out looking
Bottom of the 5th over - 0 run(s), 1 hit(s), 0 error(s), 2 left on base; Montgomery 8 - Nashua 1
TOP OF THE 6TH
Montgomery Grey Sox batting - Pitching for Nashua Redlegs : LHP Jorge Melgaza
Pitching: RHP Jorge Vázquez
Batting: RHB Frederick Curtis 0-0: Swinging Strike
0-1: Foul Ball, location: 2F
0-2: Ground out 6-3 (Groundball, 6)
Batting: SHB Kenneth Cruz 0-0: Foul Ball, location: 2F
0-1: Ball
1-1: Swinging Strike
1-2: Fly out, F7 (Flyball, 7)
Batting: RHB Bryant von Bohlen 0-0: Ball
1-0: Called Strike
1-1: SINGLE (Line Drive, 7S)
Batting: RHB Bradley Burns 0-0: Called Strike
0-1: Foul Ball, location: 2F
0-2: Strikes out swinging
Top of the 6th over - 0 run(s), 1 hit(s), 0 error(s), 1 left on base; Montgomery 8 - Nashua 1
BOTTOM OF THE 6TH
Nashua Redlegs batting - Pitching for Montgomery Grey Sox : LHP Wilson Romero
Batting: RHB Jorge Valenzuela 0-0: Fly out, F7 (Flyball, 7)
Batting: LHB José Peralta 0-0: Ball
1-0: Foul Ball, location: 2F
1-1: Foul Ball, location: 2F
1-2: Ball
2-2: SINGLE (Line Drive, 7LM)
Pitching: RHP Carlos Rocha
Batting: RHB Bob Fitzgerald 0-0: Ball
1-0: Grounds into double play, 6-4-3 (Groundball, 6)
Bottom of the 6th over - 0 run(s), 1 hit(s), 0 error(s), 0 left on base; Montgomery 8 - Nashua 1
TOP OF THE 7TH
Montgomery Grey Sox batting - Pitching for Nashua Redlegs : RHP Jorge Vázquez
Batting: RHB Reinaldo Amarante 0-0: DOUBLE (Line Drive, 7LS)
Batting: SHB Hoyt Norris 0-0: Fly out, F7 (Flyball, 78M)
Batting: RHB António Nevárez 0-0: DOUBLE (Line Drive, 3D)
Reinaldo Amarante scores
Batting: LHB Gilbert Stegall 0-0: Called Strike
0-1: Foul Ball, location: 2F
0-2: Ball
1-2: Ball
2-2: SINGLE (Groundball, 56D)
António Nevárez to third
Runner from 3rd tries for Home, SAFE, throw made home
Gilbert Stegall to second
Batting: RHB Luis Pineda 0-0: Foul Ball, location: 2F
0-1: Ball
1-1: Swinging Strike
1-2: Foul Ball, location: 2F
1-2: Strikes out swinging
Batting: RHB Frederick Curtis 0-0: Ball
1-0: Ball
2-0: Ball
3-0: Called Strike
3-1: Foul Ball, location: 2F
3-2: Base on Balls
Batting: SHB Kenneth Cruz 0-0: Ball
1-0: Foul Ball, location: 2F
1-1: Foul Ball, location: 2F
1-2: Ball
Wild Pitch!
Gilbert Stegall to third
Frederick Curtis to second
2-2: Ball
3-2: SINGLE (Flyball, 8RS)
Gilbert Stegall scores
Frederick Curtis to third
Frederick Curtis scores
Pitching: RHP José Gil
Batting: RHB Bryant von Bohlen 0-0: Called Strike
0-1: Foul Ball, location: 2F
0-2: Foul Ball, location: 2F
0-2: Ball
1-2: Ball
2-2: Ball
3-2: Base on Balls
Kenneth Cruz to second
Batting: RHB Bradley Burns 0-0: Ball
1-0: Called Strike
1-1: Foul Ball, location: 2F
1-2: Foul Ball, location: 2F
1-2: SINGLE (Line Drive, 9LS)
Kenneth Cruz to third
Bryant von Bohlen to second
Runner from 3rd tries for Home, SAFE, no throw
Batting: RHB Reinaldo Amarante 0-0: Ball
1-0: SINGLE (Groundball, 4MD)
Bryant von Bohlen to third
Bradley Burns to second
Runner from 3rd tries for Home, SAFE, no throw
Batting: SHB Hoyt Norris 0-0: Called Strike
0-1: Called Strike
0-2: Ball
1-2: Strikes out swinging
Top of the 7th over - 6 run(s), 6 hit(s), 0 error(s), 2 left on base; Montgomery 14 - Nashua 1
BOTTOM OF THE 7TH
Nashua Redlegs batting - Pitching for Montgomery Grey Sox : RHP Carlos Rocha
Batting: RHB William Rogers 0-0: Swinging Strike
0-1: Ball
1-1: Ball
2-1: Foul Ball, location: 2F
2-2: Ball
3-2: Foul Ball, location: 2F
3-2: Base on Balls
Batting: RHB Danny Boykins 0-0: Ball
1-0: Ball
2-0: Fly out, F8 (Flyball, 78D)
Batting: RHB Spencer Pritchett 0-0: Ball
William Rogers is caught stealing 2nd base
1-0: SINGLE (Groundball, 34D)
Batting: RHB Katsuhito Ohayashi 0-0: Swinging Strike
0-1: Ball
1-1: Fly out, F8 (Flyball, 8LXD)
Bottom of the 7th over - 0 run(s), 1 hit(s), 0 error(s), 1 left on base; Montgomery 14 - Nashua 1
TOP OF THE 8TH
Montgomery Grey Sox batting - Pitching for Nashua Redlegs : RHP José Gil
Batting: RHB António Nevárez 0-0: Ball
1-0: Swinging Strike
1-1: Ball
2-1: Ball
3-1: Called Strike
3-2: Base on Balls
Pinch Hitting: RHB Fred Moulds 0-0: Called Strike
0-1: Foul Ball, location: 2F
0-2: Ball
1-2: Ball
2-2: Ball
3-2: SINGLE (Groundball, 6D)
António Nevárez to second
António Nevárez to third
Batting: RHB Luis Pineda 0-0: Called Strike
0-1: Called Strike
0-2: Strikes out swinging
Batting: RHB Frederick Curtis 0-0: Grounds into double play, 5-4-3 (Groundball, 5)
Top of the 8th over - 0 run(s), 1 hit(s), 0 error(s), 1 left on base; Montgomery 14 - Nashua 1
BOTTOM OF THE 8TH
Nashua Redlegs batting - Pitching for Montgomery Grey Sox : RHP Carlos Rocha
Now in RF: Amlak Saitoti
Batting: SHB José Vélez 0-0: Swinging Strike
0-1: Ground out 4-3 (Groundball, 4M)
Batting: LHB Alonso Carbajal 0-0: Ball
1-0: Fly out, F7 (Flyball, 78D)
Batting: RHB Jorge Valenzuela 0-0: Foul Ball, location: 2F
0-1: Called Strike
0-2: Fly out, F8 (Flyball, 8RS)
Bottom of the 8th over - 0 run(s), 0 hit(s), 0 error(s), 0 left on base; Montgomery 14 - Nashua 1
TOP OF THE 9TH
Montgomery Grey Sox batting - Pitching for Nashua Redlegs : RHP José Gil
Batting: SHB Kenneth Cruz 0-0: Ball
1-0: TRIPLE (Line Drive, 89D)
Batting: RHB Bryant von Bohlen 0-0: Ball
1-0: Ball
2-0: Swinging Strike
2-1: Foul Ball, location: 2F
2-2: Strikes out swinging
Batting: RHB Bradley Burns 0-0: Called Strike
0-1: 2-RUN HOME RUN (Flyball, 89XD), Distance : 431 ft
Pitching: LHP Marc Sizemore
Batting: RHB Reinaldo Amarante 0-0: Ball
1-0: Called Strike
1-1: Ball
2-1: Foul Ball, location: 2F
2-2: SINGLE (Line Drive, 8RS)
Batting: SHB Hoyt Norris 0-0: Ball
1-0: Called Strike
1-1: Foul Ball, location: 2F
1-2: Ball
2-2: Strikes out looking
Batting: RHB António Nevárez 0-0: Ball
1-0: Swinging Strike
1-1: Ball
2-1: Ground out 6-3 (Groundball, 6D)
Top of the 9th over - 2 run(s), 3 hit(s), 0 error(s), 1 left on base; Montgomery 16 - Nashua 1
BOTTOM OF THE 9TH
Nashua Redlegs batting - Pitching for Montgomery Grey Sox : RHP Carlos Rocha
Batting: LHB José Peralta 0-0: Ball
1-0: Ball
2-0: Called Strike
2-1: Ball
3-1: Foul Ball, location: 2F
3-2: Foul Ball, location: 2F
3-2: Ground out 4-3 (Groundball, 4)
Batting: RHB Bob Fitzgerald 0-0: Foul Ball, location: 2F
0-1: Fly out, F8 (Flyball, 78D)
Batting: RHB William Rogers 0-0: Called Strike
0-1: Ball
1-1: Swinging Strike
1-2: Ball
2-2: Ball
3-2: Base on Balls
Batting: RHB Danny Boykins 0-0: Called Strike
0-1: SINGLE (Line Drive, 13)
William Rogers to second
Batting: RHB Spencer Pritchett 0-0: Swinging Strike
0-1: Ball
1-1: Ball
2-1: Ball
3-1: Ground out 3-1 (Groundball, 34)
Bottom of the 9th over - 0 run(s), 1 hit(s), 0 error(s), 2 left on base; Montgomery 16 - Nashua 1
Thursday, March 30th, 2017 - OOTP Baseball 17.12 Build 75